 Dungeon Crawl Stone Soup version 0.31.0-11-ge490571c62 (webtiles) character file.

Game seed: 9337258397203209692

36 qw the Shooter (level 3, 0/20 HPs)
             Began as a Deep Elf Hunter on Feb 3, 2024.
             Slain by a kobold
             ... wielding a +0 short sword
              (2 damage)
             ... on level 1 of the Dungeon.
             The game lasted 00:00:16 (715 turns).

qw the Shooter (Deep Elf Hunter)                     Turns: 715, Time: 00:00:17

Health: 0/20       AC:  4    Str: 10    XL:     3   Next: 19%
Magic:  5/5        EV: 12    Int: 13    God:
Gold:   29         SH:  0    Dex: 18    Spells: 2/2 levels left

rFire   . . .        a - +0 shortbow
rCold   . . .        (shield currently unavailable)
rNeg    . . .        c - +0 leather armour
rPois   .            i - +0 helmet
rElec   .            (no cloak)
rCorr   .            (no gloves)
SInv    .            (no boots)
Will    .....        (no amulet)
Stlth   ++           (no ring)
HPRegen 0.23/turn    (no ring)
MPRegen 0.09/turn

%: no passive effects
@: no status effects
A: no striking features
a: no special abilities


You were on level 1 of the Dungeon.
You visited 1 branch of the dungeon, and saw 2 of its levels.

You collected 29 gold pieces.


   Skills:
 - Level 1.5 Fighting
 + Level 6.8 Ranged Weapons
 - Level 2.4 Dodging
 - Level 1.2 Stealth


You had 2 spell levels left.
You didn't know any spells.
Your spell library was empty.

Inventory:

Hand Weapons
 a - a +0 shortbow (weapon)
Armour
 c - a +0 leather armour (worn)
 i - a +0 helmet (worn)
Potions
 f - a potion of enlightenment

Dungeon Overview and Level Annotations

Branches:
Dungeon (2/15)

Altars:

Annotations:
D:2 Jessica


Message History

The arrow hits the jackal but does no damage.
The jackal is heavily wounded.
The jackal bites you but does no damage.
The kobold hits you with a +0 short sword.
The jackal barely misses you. x2
You shoot an arrow. The arrow hits the jackal.
The jackal is almost dead.
The jackal barely misses you. The kobold barely misses you.
The jackal bites you. The jackal closely misses you.
The kobold hits you but does no damage.
You shoot an arrow. The arrow hits the jackal.
You kill the jackal!
The jackal closely misses you.
The kobold hits you with a +0 short sword.
You shoot an arrow. The arrow barely misses the kobold.
The arrow hits the endoplasm!
You kill the endoplasm!
The jackal misses you.
The jackal bites you but does no damage.
The kobold hits you with a +0 short sword.
The kobold closely misses you.
You shoot an arrow. The arrow barely misses the kobold.
The arrow hits the jackal.
The jackal is heavily wounded.
The jackal closely misses you. The kobold closely misses you.
The kobold hits you but does no damage.
You shoot an arrow. The arrow hits the kobold.
You kill the kobold!
The jackal bites you. The jackal misses you. The jackal bites you.
The kobold closely misses you.
You shoot an arrow. The arrow closely misses the jackal.
The jackal barely misses you. x2; The kobold hits you but does no damage.
The jackal closely misses you. x2
You shoot an arrow. The arrow hits the jackal!
You kill the jackal!
The kobold barely misses you. The jackal misses you.
You shoot an arrow. The arrow barely misses the jackal.
The jackal closely misses you.
The kobold hits you with a +0 short sword.
You die...

## ########## .##
#.........
..################
#.########
..............hhK#
#####.######
..##############@#
#..).......# .##
#)###.....####.## .#
#...........)...# .#
#..##.########..# ##
#..##.# #..# #
######..##.########..#
#
#.......##..##.......#
#
#.####.###..##.####.##
# #.# #.# #..##.# #.#


You could see 2 jackals and a kobold.

Vanquished Creatures
  A dart slug (D:1)
  3 ball pythons
  6 endoplasms (D:1)
  2 giant cockroaches (D:1)
  2 hobgoblins (D:1)
  2 jackals (D:1)
  3 kobolds (D:1)
  2 quokkas (D:1)
  2 bats (D:1)
  4 goblins (D:1)
  3 rats (D:1)
30 creatures vanquished.

Notes
Turn   | Place    | Note
-------+----------+-------------------------------------------
     0 | D:1      | qw the Deep Elf Hunter began the quest for the Orb.
     0 | D:1      | Reached XP level 1. HP: 12/12 MP: 3/3
     0 | D:1      | 0 ||| qw: Version: 0.3-a-155-g5e7d8dd
     0 | D:1      | 0 ||| qw: Game counter: 3223
     0 | D:1      | 0 ||| qw: Melee chars always use a shield: true
     0 | D:1      | 0 ||| qw: God list: Okawaru
     0 | D:1      | 0 ||| qw: Allow faded altars: false
     0 | D:1      | 0 ||| qw: Do Orc after clearing Dungeon:15 true
     0 | D:1      | 0 ||| qw: Do second Lair branch before Depths: true
     0 | D:1      | 0 ||| qw: Lair rune preference: random
     0 | D:1      | 0 ||| qw: Goals: Normal
     0 | D:1      | 0 ||| PLANNING D:1-11
     2 | D:1      | 2 ||| DROPPING scroll of butterflies.
   153 | D:1      | Reached skill level 6 in Ranged Weapons
   153 | D:1      | Reached XP level 2. HP: 16/16 MP: 4/4
   587 | D:1      | Reached XP level 3. HP: 20/20 MP: 5/5
   657 | D:1      | 657 ||| UPGRADING to +0 helmet.
   662 | D:1      | 662 ||| READING 2 scrolls labelled ZICZEUZASU.
   662 | D:1      | 662 ||| IDENTIFYING sedimented clear potion
   663 | D:1      | 663 ||| READING scroll of identify.
   663 | D:1      | 663 ||| IDENTIFYING 2 bubbling coppery potions
   664 | D:1      | 664 ||| READING scroll labelled LINTALUTSE.
   668 | D:1      | 668 ||| READING scroll labelled RULIEM CUOWY.
   669 | D:1      | 669 ||| READING scroll labelled ACES FOSEOPOGG.
   679 | D:2      | 679 ||| STAIRDANCE
   683 | D:2      | 683 ||| STAIRDANCE
   693 | D:2      | 693 ||| STAIRDANCE
   696 | D:2      | HP: 3/20 [jackal (3)]
   696 | D:2      | Noticed Jessica
   697 | D:2      | 697 ||| DRINKING 2 potions of heal wounds.
   700 | D:2      | 700 ||| DRINKING potion of heal wounds.
   703 | D:2      | 703 ||| STAIRDANCE
   709 | D:1      | HP: 4/20 [kobold/+0 short sword (2)]
   712 | D:1      | HP: 1/20 [jackal (1)]
   715 | D:1      | Slain by a kobold

Levels and vault maps discovered:
D:1:      minmay_arrival_glassed_features, layout_loops_ring
D:2:      kennysheep_big_flooded_room, layout_rooms, minmay_tall_x, uniq_jessica

Skill      XL: |  1 |
---------------+----+-----
Ranged Weapons | 6 |  6.8
Fighting       | |  1.5
Dodging        | |  2.4
Stealth        | |  1.2

Action                     || total
---------------------------++-------
   Fire: Shortbow          ||    65
    Use: Scroll            ||     5
         Potion            ||     2
 Armour: Leather armour    ||    82
  Dodge: Dodged            ||    74

Table legend:
 A = Non-vault XP
 B = Vault XP
 C = Vault XP percentage of total XP
 D = Non-vault monster count
 E = Vault monster count
 F = Vault count percentage of total count
                 A         B        C        D         E       F
            +---------+---------+-------+---------+---------+-------
      Total |      47 |       5 |   9.6 |      26 |       4 |  13.3
            +---------+---------+-------+---------+---------+-------
        D:1 |      47 |       4 |   7.8 |      26 |       3 |  10.3
        D:2 |       0 |       1 | 100.0 |       0 |       1 | 100.0
            +---------+---------+-------+---------+---------+-------
